 Dungeon Crawl Stone Soup version 0.28.0-53-g5a82cb258f (webtiles) character file.

Game seed: 6197147242544328956

450 Peloso the Covered (level 6, 0/53 HPs)
             Began as a Minotaur Fighter on May 27, 2022.
             Slain by Pikel
             ... wielding a +0 whip of freezing
              (1 damage)
             ... on level 4 of the Dungeon.
             The game lasted 00:06:05 (3759 turns).

Peloso the Covered (Minotaur Fighter)               Turns: 3759, Time: 00:06:06

Health: 0/53       AC:  8    Str: 20    XL:     6   Next: 74%
Magic:  5/5        EV:  9    Int:  5    God:
Gold:   148        SH:  5    Dex: 12    Spells: 5/5 levels left

rFire   . . .      SeeInvis .   a - +0 long sword
rCold   . . .      Faith    .   c - +0 buckler
rNeg    . . .      Spirit   .   b - +0 scale mail
rPois   .          Reflect  .   (helmet restricted)
rElec   .          Harm     .   (no cloak)
rCorr   .          Rampage  .   (no gloves)
Will    .....                   e - +0 pair of boots
Stlth   ..........              (no amulet)
HPRegen 0.17/turn               (no ring)
MPRegen 0.09/turn               (no ring)

@: no status effects
A: horns 2, retaliatory headbutt
a: no special abilities


You were on level 4 of the Dungeon.
You visited 1 branch of the dungeon, and saw 4 of its levels.

You collected 148 gold pieces.

Inventory:

Hand Weapons
 a - a +0 long sword (weapon)
Armour
 b - a +0 scale mail (worn)
 c - a +0 buckler (worn)
 e - a +0 pair of boots (worn)
Scrolls
 f - 2 scrolls of enchant weapon {unknown}
 g - 3 scrolls of teleportation {unknown}
 h - a scroll of fear {unknown}
 i - a scroll of noise
 l - a scroll of blinking
 o - a scroll of amnesia {unknown}
Potions
 d - a potion of might
 j - a potion of brilliance {unknown}
 k - a potion of mutation {unknown}
 m - a potion of degeneration {unknown}
 p - a potion of attraction {unknown}


   Skills:
 + Level 4.7 Fighting
 + Level 5.7 Long Blades
 + Level 5.8 Armour
 + Level 1.4 Dodging
 + Level 0.1 Stealth
 + Level 4.7 Shields


You had 5 spell levels left.
You didn't know any spells.
Your spell library contained the following spells:

 Spells                   Type           Power      Damage    Failure   Level
 Shock                    Conj/Air       0%         1d3       88%         1
 Conjure Flame            Conj/Fire      0%         6-21      99%         3
 Ignite Poison            Fire/Tmut/Pois 0%         N/A       99%         3
 Swiftness                Air            0%         N/A       99%         3
 Airstrike                Air            0%         N/A       100%        4
 Sticky Flame             Conj/Fire      0%         2d3       100%        4


Dungeon Overview and Level Annotations

Branches:
Dungeon (4/15)
 Temple: D:4-7

Altars:

Shops:
D:1 *

Annotations:
D:4 Pikel


Innate Abilities, Weirdness & Mutations

You have a pair of horns on your head.
You reflexively headbutt those who attack you in melee.


Message History

Pikel closely misses you.
Pikel hits you with a +0 whip of freezing.
Pikel freezes you.
* * * LOW HITPOINT WARNING * * *
You hit Pikel.
Pikel is severely wounded.
Pikel barely misses you.
You completely miss Pikel.
Pikel is severely wounded.
Pikel completely misses you.
You barely miss Pikel.
Pikel is severely wounded.
Pikel hits you with a +0 whip of freezing.
* * * LOW HITPOINT WARNING * * *
Pikel freezes you.
* * * LOW HITPOINT WARNING * * *
You slash Pikel!
Pikel is almost dead.
Pikel hits you with a +0 whip of freezing.
* * * LOW HITPOINT WARNING * * *
Pikel freezes you.
* * * LOW HITPOINT WARNING * * *
You closely miss Pikel.
Pikel is almost dead.
Pikel hits you with a +0 whip of freezing.
* * * LOW HITPOINT WARNING * * *
Pikel freezes you.
* * * LOW HITPOINT WARNING * * *
You hit Pikel but do no damage.
Pikel is almost dead.
Pikel hits you with a +0 whip of freezing.
* * * LOW HITPOINT WARNING * * *
Pikel freezes you.
* * * LOW HITPOINT WARNING * * *
You barely miss Pikel.
Pikel is almost dead.
Pikel hits you with a +0 whip of freezing.
* * * LOW HITPOINT WARNING * * *
Pikel freezes you.
You die...

#######
#..@K5#
#####.###.#
#.....# #.#
#.##### #.#
#.#
#.########
#.#
#.5....5K.
#.#
######..#.
#.# #.#


You could see Pikel and a lemure.

Vanquished Creatures
  Grinder (D:4)
  A scorpion (D:4)
  A hound skeleton (D:4)
  6 adders
  3 gnolls (D:2)
  A shadow imp (D:4)
  2 adder skeletons (D:4)
  3 worms
  2 dart slugs (D:3)
  6 endoplasms
  A giant cockroach (D:1)
  5 goblins
  8 hobgoblins
  4 jackals (D:2)
  2 quokkas
  5 ball pythons
  3 bats
  8 frilled lizards
  9 kobolds
  3 rats (D:1)
74 creatures vanquished.

Notes
Turn   | Place    | Note
-------+----------+-------------------------------------------
     0 | D:1      | Peloso the Minotaur Fighter began the quest for the Orb.
     0 | D:1      | Reached XP level 1. HP: 19/19 MP: 0/0
   250 | D:1      | Reached XP level 2. HP: 21/27 MP: 1/1
   515 | D:1      | Found Rodghips's General Store.
  1382 | D:2      | Reached XP level 3. HP: 24/33 MP: 2/2
  1835 | D:2      | Reached XP level 4. HP: 36/40 MP: 3/3
  2622 | D:3      | Found a faded altar of an unknown god.
  2688 | D:3      | Reached XP level 5. HP: 46/46 MP: 4/4
  2981 | D:4      | Noticed Grinder
  2985 | D:4      | Reached skill level 5 in Armour
  3122 | D:4      | Paralysed by Grinder for 2 turns
  3242 | D:4      | Paralysed by Grinder for 7 turns
  3454 | D:4      | Killed Grinder
  3455 | D:4      | Reached skill level 5 in Long Blades
  3455 | D:4      | Reached skill level 1 in Dodging
  3455 | D:4      | Reached XP level 6. HP: 47/53 MP: 5/5
  3720 | D:4      | Noticed Pikel
  3759 | D:4      | HP: 1/53 [Pikel/+0 whip of freezing (2)]
  3759 | D:4      | Slain by Pikel

Illustrated notes

Levels and vault maps discovered:
D:1:      amcnicky_arrival_wind_blow, layout_basic, serial_shops, shop,
          serial_park_tiny_1, nrook_uturn
D:2:      layout_basic
D:3:      layout_basic, hellmonk_ecumenical_altar_zigzags
D:4:      layout_basic, uniq_grinder, uniq_pikel, uniq_robin

Skill      XL: |  1  2  3  4  5 |
---------------+----------------+-----
Armour         | 4 5 |  5.8
Shields        | 4 |  4.7
Fighting       | 4 |  4.7
Long Blades    | 3 4 5 |  5.7
Dodging        | 1 |  1.4
Stealth        | |  0.1

Action                   |  1- 3 |  4- 6 || total
-------------------------+-------+-------++-------
Melee: Long sword        |    86 |   131 ||   217
       Headbutt          |    11 |    18 ||    29
  Use: Scroll            |       |     2 ||     2
       Potion            |       |     2 ||     2
Armor: Scale mail        |    46 |    39 ||    85
Dodge: Dodged            |    46 |    59 ||   105
Block: Buckler           |    15 |    31 ||    46
